Map: Terraform LE (Void)

Players

Javert - Winner!

  • Race: Zerg Zerg
  • League: Gold

Ravager

  • Race: Terran Terran
  • League: Gold

VOD

Have the link to the VOD?

Description

Time

  • Played on: Sept. 9, 2015, 12:37 a.m.
  • Length: 25:59
Show
View Real Time Build Order
Export as new Build Order

Javert Zerg - Winner!

Build Orders: Pool First 

Get SALT Encoding   

  12  0:01  Drone  
  13  0:14  Overlord  
  13  0:18  Drone  
  14  0:34  Drone x2  
  16  0:38  Drone  
  17  0:48  Spawning Pool  
  16  0:50  Drone  
  17  1:01  Drone  
  18  1:18  Hatchery  
  17  1:23  Drone  
  17  1:25  Extractor  
  17  1:27  Drone  
  18  1:43  Queen  
  18  1:45  Zergling x2  
  18  1:46  Overlord  
  21  2:17  Drone x2  
  21  2:20  Hatchery  
  22  2:27  Metabolic Boost  
  22  2:29  Zergling x2  
  23  2:37  Queen  
  23  2:43  Drone x2  
  27  2:54  Drone x3  
  30  3:03  Overlord  
  30  3:16  Drone  
  30  3:17  Drone x5  
  36  3:33  Zergling x2  
  36  3:34  Zergling x8  
  40  3:48  Zergling x2  
  40  3:49  Zergling x10  
  46  3:56  Queen  
  46  4:00  Overlord x2  
  46  4:17  Drone x4  
  46  4:20  Lair  
  46  4:22  Overlord x2  
  46  4:24  Drone x3  
  47  4:37  Drone x4  
  47  4:38  Drone x4  
  52  4:44  Extractor  
  52  4:45  Extractor  
  50  4:46  Extractor, Queen  
  51  4:59  Queen  
  53  5:01  Drone  
  53  5:02  Drone x3  
  53  5:03  Overlord  
  53  5:06  Extractor  
  56  5:07  Extractor  
  56  5:09  Zergling x8  
  59  5:15  Zergling x8  
  59  5:16  Zergling x2  
  64  5:24  Evolution Chamber  
  64  5:25  Evolution Chamber  
  62  5:37  Drone x2  
  62  5:38  Drone x5  
  66  5:45  Overlord x2  
  66  5:49  Spire  
  65  5:53  Drone x2  
  65  5:54  Drone x4  
  65  5:55  Spine Crawler  
  61  6:11  Zergling x2  
  61  6:12  Zergling x20  
  63  6:25  Drone  
  63  6:26  Drone x4  
  62  6:34  Drone x3  
  64  6:43  Drone x4  
  68  6:49  Overlord x2  
  68  6:54  Overlord  
  68  7:04  Mutalisk  
  68  7:05  Mutalisk x6  
  82  7:08  Overlord  
  82  7:09  Queen  
  82  7:12  Drone x2  
  82  7:14  Overseer  
  86  7:19  Mutalisk  
  88  7:25  Mutalisk  
  88  7:39  Drone  
  88  7:40  Drone x10  
  99  7:45  Spine Crawler  
  90  7:59  Mutalisk  
  90  8:00  Mutalisk x3  
  94  8:14  Zerg Missile Weapons Level 1, Zerg Ground Armor Level 1  
  94  8:15  Roach Warren  
  93  8:28  Hatchery  
  93  8:30  Roach Warren  
  93  8:31  Hydralisk Den  
  93  8:32  Extractor  
  87  8:47  Drone  
  87  8:48  Drone, Overlord x2  
  89  8:54  Glial Reconstitution  
  90  9:06  Spine Crawler  
  90  9:07  Spine Crawler, Roach  
  90  9:08  Spine Crawler x2, Roach x15  
  115  9:18  Drone x7  
  115  9:19  Drone  
  110  9:33  Roach x4  
  110  9:36  Drone x2  
  120  9:40  Drone x2  
  120  9:44  Drone x6  
  120  9:45  Drone  
  132  9:52  Overlord  
  132  9:57  Roach  
  132  9:58  Roach x4  
  142  10:11  Roach x5  
  142  10:12  Roach x2  
  128  10:32  Roach x10  
  128  10:33  Roach  
  136  10:41  Overlord x2  
  136  10:42  Tunneling Claws  
  120  10:44  Zerg Missile Weapons Level 2  
  120  10:47  Drone x2  
  120  10:49  Drone  
  123  10:54  Muscular Augments  
  123  11:01  Overseer x3  
  123  11:11  Mutalisk x3  
  123  11:12  Mutalisk x2, Spine Crawler x2  
  123  11:13  Spore Crawler  
  123  11:16  Burrow  
  123  11:18  Pneumatized Carapace  
  130  11:30  Roach  
  130  11:31  Roach x6  
  120  11:38  Roach x3  
  120  11:39  Roach  
  102  12:03  Overseer x5  
  102  12:06  Roach x8  
  102  12:07  Roach x4  
  118  12:10  Overseer  
  118  12:15  Spore Crawler  
  118  12:17  Spine Crawler  
  118  12:21  Roach x4  
  112  12:36  Roach  
  112  12:37  Roach x7  
  100  12:52  Roach  
  100  12:53  Roach x7  
  110  13:03  Roach  
  110  13:04  Roach x5  
  108  13:14  Roach x2  
  108  13:15  Roach x3  
  118  13:28  Drone  
  118  13:29  Drone x8  
  121  13:36  Overlord x2  
  121  13:37  Overseer  
  121  13:39  Overseer  
  121  13:40  Overseer  
  121  13:52  Spore Crawler, Roach x20  
  115  14:01  Hydralisk  
  115  14:02  Hydralisk x2  
  119  14:09  Roach x14  
  104  14:23  Spine Crawler  
  103  14:25  Overlord x2  
  103  14:39  Overlord x2  
  103  14:43  Overlord x3  
  103  14:52  Roach x6  
  89  14:53  Hydralisk  
  89  14:54  Hydralisk x7  
  103  15:01  Roach x3  
  103  15:04  Hydralisk x2  
  103  15:05  Hydralisk  
  109  15:26  Ravager x3  
  112  15:28  Hydralisk  
  112  15:29  Hydralisk x4  
  113  15:46  Zerg Ground Armor Level 2  
  113  15:50  Overseer x3  
  113  15:55  Roach x5  
  113  15:56  Roach  
  119  15:57  Roach x4  
  121  16:09  Drone x5  
  126  16:39  Overseer x2, Roach  
  126  16:43  Overlord  
  126  16:46  Hatchery  
  125  16:56  Roach x6  
  125  16:58  Hatchery  
  125  16:59  Extractor  
  125  17:00  Extractor  
  134  17:24  Overlord x2  
  134  17:26  Overseer x3  
  134  17:31  Roach  
  134  17:32  Roach x7  
  148  17:55  Infestation Pit  
  148  17:56  Overlord  
  148  17:57  Overlord  
  147  18:09  Overlord x2  
  147  18:14  Zerg Flyer Weapons Level 1  
  147  18:25  Hydralisk x9  
  147  18:31  Overseer x3  
  141  18:36  Roach x8  
  87  19:13  Corruptor x5  
  87  19:14  Corruptor x2, Extractor  
  100  19:18  Extractor  
  89  19:29  Corruptor x2  
  93  19:39  Spine Crawler  
  93  19:44  Overseer  
  92  19:47  Overseer  
  92  19:50  Spine Crawler  
  91  19:58  Extractor  
  90  20:00  Roach  
  90  20:01  Roach x2  
  96  20:21  Extractor  
  95  20:23  Hatchery, Hydralisk  
  95  20:24  Hydralisk x6  
  95  20:25  Extractor  
  75  20:51  Hive  
  75  20:58  Spore Crawler  
  74  21:06  Spore Crawler  
  73  21:16  Corruptor x6  
  85  21:32  Spore Crawler  
  80  22:03  Viper x4  
  80  22:04  Viper  
  89  22:32  Drone x5  
  89  22:36  Drone x4  
  89  22:37  Drone x2  
  89  22:47  Spine Crawler  
  89  22:48  Spine Crawler  
  89  22:49  Spine Crawler x2  
  89  22:50  Spore Crawler  
  89  22:51  Spore Crawler x2  
  89  22:56  Drone x2  
Show
View Real Time Build Order
Export as new Build Order

Ravager Terran 

Build Orders: Hellion Opening, Mech 

Get SALT Encoding   

  12  0:01  SCV  
  13  0:13  SCV  
  14  0:18  Supply Depot  
  14  0:26  SCV  
  15  0:40  SCV  
  15  0:42  Barracks  
  16  0:46  Refinery  
  16  0:52  SCV  
  17  1:04  SCV  
  18  1:16  SCV  
  19  1:40  Marine  
  19  1:46  Command Center  
  20  1:54  Factory  
  20  2:03  Orbital Command  
  20  2:16  Barracks Reactor  
  20  2:26  Supply Depot  
  20  2:31  SCV  
  21  2:44  SCV  
  22  2:56  SCV  
  23  3:00  Orbital Command  
  23  3:08  SCV, Hellion x2  
  23  3:10  Factory  
  28  3:16  Refinery  
  28  3:20  SCV  
  28  3:24  Marine  
  28  3:26  Orbital Command  
  30  3:29  Hellion  
  30  3:30  Hellion  
  30  3:32  SCV  
  35  3:44  SCV  
  36  3:51  Hellion x2  
  36  3:53  Supply Depot  
  36  3:54  Supply Depot  
  36  3:55  SCV  
  41  3:56  SCV  
  42  4:06  Factory Tech Lab  
  42  4:07  SCV  
  42  4:08  Armory, SCV  
  44  4:12  Hellion  
  44  4:19  SCV  
  44  4:20  SCV  
  46  4:24  Refinery  
  46  4:29  Infernal Pre-Igniter  
  42  4:31  SCV  
  42  4:33  SCV  
  36  4:40  Hellion x2  
  36  4:41  Hellion  
  36  4:43  SCV  
  36  4:45  SCV  
  44  4:56  SCV  
  44  4:57  SCV  
  46  5:02  Hellion x2  
  50  5:09  SCV  
  50  5:10  SCV  
  50  5:11  Siege Tank  
  55  5:19  Terran Vehicle Weapons Level 1  
  55  5:21  SCV  
  55  5:22  SCV  
  55  5:26  Command Center, Engineering Bay  
  57  5:34  SCV x2  
  59  5:37  Hellion  
  61  5:49  Marine  
  62  5:54  Barracks  
  62  5:55  Supply Depot  
  62  5:56  Supply Depot, Hellion x2  
  60  6:18  Hellion  
  62  6:21  SCV x2  
  62  6:23  Hellion  
  62  6:24  Hellion  
  68  6:29  Armory  
  68  6:30  Factory x2  
  64  6:34  SCV  
  60  6:49  Widow Mine x2  
  60  6:52  Missile Turret  
  60  6:53  Missile Turret  
  64  6:56  Thor  
  70  7:03  Refinery  
  70  7:08  SCV  
  70  7:12  SCV  
  72  7:15  Supply Depot  
  72  7:17  Terran Vehicle And Ship Armor Level 1  
  72  7:18  Hellion x2  
  72  7:19  Hellion x2  
  77  7:40  Hellion x3  
  77  7:42  Hellion  
  87  7:46  Thor  
  87  7:48  Command Center  
  91  7:51  Command Center  
  90  8:01  Hellion  
  92  8:07  Widow Mine x3  
  97  8:21  Widow Mine  
  97  8:25  Hellion x6  
  97  8:26  Drilling Claws  
  99  8:28  Widow Mine  
  100  8:35  Widow Mine x3  
  80  9:33  Widow Mine x2  
  80  9:34  Widow Mine x2  
  84  9:39  Planetary Fortress  
  84  9:43  Thor  
  90  9:50  Factory  
  90  9:51  Factory  
  90  9:56  Command Center  
  90  10:02  Widow Mine x3  
  96  10:08  Widow Mine  
  96  10:11  Missile Turret  
  98  10:16  Missile Turret  
  98  10:26  Widow Mine  
  94  10:30  Widow Mine  
  96  10:37  SCV x3  
  96  10:40  Factory Reactor  
  96  10:41  Factory Reactor  
  98  10:48  Starport  
  98  10:50  Starport  
  98  10:51  Starport x2  
  98  10:53  SCV x2  
  98  10:56  Widow Mine x2  
  104  10:59  Widow Mine x3  
  110  11:09  Orbital Command  
  110  11:18  Widow Mine  
  110  11:19  Widow Mine x3  
  110  11:24  Widow Mine  
  120  11:25  Hellion  
  120  11:28  Hellion x2  
  118  11:33  Hellion, Starport Tech Lab  
  118  11:34  Starport Tech Lab x2  
  118  11:42  Missile Turret  
  118  11:44  Missile Turret x2  
  120  11:47  Hellion, Refinery  
  120  11:48  Hellion  
  110  12:03  Missile Turret  
  110  12:08  Hellion x4  
  118  12:09  Banshee x2  
  118  12:10  Starport Tech Lab  
  118  12:11  Cloaking Field  
  118  12:12  Thor  
  116  12:41  Medivac  
  116  12:49  Widow Mine x4  
  116  12:50  Widow Mine x4  
  126  13:05  Banshee  
  127  13:34  Starport Tech Lab  
  113  13:37  Liberator  
  113  13:38  Liberator x2  
  122  14:01  Refinery  
  122  14:03  Command Center  
  122  14:06  Refinery  
  108  14:20  Liberator  
  100  14:32  Widow Mine x2  
  93  15:13  Missile Turret  
  93  15:14  Missile Turret  
  93  15:15  Refinery  
  93  15:16  Orbital Command  
  93  15:18  Refinery  
  93  15:28  Refinery  
  89  16:01  Starport  
  89  16:02  Starport Reactor  
  89  16:03  Starport Reactor  
  85  16:28  Liberator  
  85  16:29  Liberator x6  
  85  16:30  Liberator  
  104  17:04  Liberator  
  103  17:11  Liberator  
  103  17:14  Liberator  
  103  17:17  Command Center  
  106  17:24  Hellion x5  
  121  17:46  Hellion x2  
  125  18:10  Liberator x2  
  125  18:15  Hellion  
  125  18:16  Hellion x4  
  133  18:37  Hellion  
  113  18:43  Command Center  
  113  18:47  Liberator  
  87  19:33  Liberator x2  
  90  19:52  Command Center  
  90  19:54  Command Center  
  90  19:56  Command Center  
  90  19:58  Hellion  
  90  19:59  Command Center, Hellion x4  
  100  20:14  Liberator  
  100  20:20  Hellion x5  
  113  20:37  Liberator  
  113  20:41  Hellion x4  
  113  20:42  Hellion  
  116  21:03  Hellion x4  
  124  21:09  Hellion  
  126  21:24  Hellion x2  
Tags
 
Add a new tag
Caveats
  • Supply blocks, unpowered buildings, or Contaminate may cause inaccurate times.
  • Supply counts are checked every 10 seconds.